 Dungeon Crawl Stone Soup version 0.27-a0-333-gfa571bf19a (webtiles) character file.

Game seed: 16563244677545955514

438 skwiii the Digger (level 7, -10/36 HPs)
             Began as a Gargoyle Earth Elementalist on Feb 13, 2021.
             Mangled by an ogre
             ... wielding a +0 giant club
              (28 damage)
             ... on level 3 of the Dungeon.
             The game lasted 00:20:12 (4696 turns).

skwiii the Digger (Gargoyle Earth Elementalist)     Turns: 4696, Time: 00:20:12

Health: -10/36     AC:  7    Str: 11    XL:     7   Next: 1%
Magic:  13/13      EV: 12    Int: 18    God:
Gold:   155        SH:  0    Dex: 10    Spells: 4/14 levels left

rFire    . . .     SeeInvis .   (no weapon)
rCold    + . .     Faith    .   (no shield)
rNeg     + . .     Spirit   .   c - +1 robe
rPois    ∞         Reflect  .   (no helmet)
rElec    +         Harm     .   (no cloak)
rCorr    .         Rampage  .   (no gloves)
Will     .....                  (no boots)
Stlth    ++........             (no amulet)
HPRegen  0.12/turn              h - ring of protection from cold
MPRegen  0.13/turn              (no ring)

@: no status effects
A: negative energy resistance 1, electricity resistance, unbreathing,
petrification resistance, miasma immunity, AC +4
a: no special abilities


You were on level 3 of the Dungeon.
You visited 1 branch of the dungeon, and saw 4 of its levels.

You collected 155 gold pieces.

Inventory:

Hand Weapons
 o - a +0 quarterstaff
Missiles
 p - 8 stones
Armour
 c - a +1 robe (worn)
Jewellery
 h - a ring of protection from cold (left hand)
 s - a ring of protection from fire {unknown}
Wands
 b - a wand of flame (13)
Scrolls
 a - 3 scrolls of identify
 d - a scroll of enchant weapon {unknown}
 i - 2 scrolls of amnesia {unknown}
 j - a scroll of magic mapping
 l - a scroll of fear {unknown}
 n - a scroll of random uselessness {unknown}
Potions
 e - 2 potions of invisibility {unknown}
 f - 4 potions of curing {unknown}
 k - a potion of might {unknown}
 m - a potion of flight {unknown}
 q - a potion of mutation {unknown}
 r - a potion of brilliance {unknown}
 t - a potion of magic {unknown}
 u - a potion of haste {unknown}


   Skills:
 + Level 2.7 Dodging
 - Level 2.1 Stealth
 * Level 4.0 Spellcasting
 + Level 2.1 Conjurations
 * Level 2.4 Transmutations
 + Level 5.4 Earth Magic


You had 4 spell levels left.
You knew the following spells:

 Your Spells              Type           Power        Failure   Level
a - Sandblast             Erth           46%          1%          1
b - Stone Arrow           Conj/Erth      34%          10%         3
c - Petrify               Tmut/Erth      17%          28%         4
d - Passwall              Tmut/Erth      14%          4%          2

Your spell library contained the following spells:

 Spells                   Type           Power        Failure   Level
 Lee's Rapid Deconstruct  Erth           11%          41%         5


Dungeon Overview and Level Annotations

Branches:
Dungeon (4/15)
 Temple: D:4-7

Altars:

Annotations:
D:4 4 runed translucent doors


Innate Abilities, Weirdness & Mutations

You are resistant to torment.
Your stone body is resilient. (AC +4)
You are immune to poison.
You resist negative energy. (rN+)
You are resistant to electric shocks. (rElec)
You can survive without breathing.
You are immune to petrification.
You are immune to miasma.


Message History

You see here a flail.
Things that are here:
a +0 flail; a +0 ring mail; an orc corpse
Found a large runed translucent door.
You see here 10 arrows.
Found a pitted leather armour.
v - a scroll labelled YSUCSE IN TAI
Press: ? - help, v - describe, . - travel The floor.
Aiming: Sandblast (safe; 1% risk of failure)
Press: ? - help, Q - select action, (/) - cycle Shift-Dir - straight line, f - you
Okay, then.
You open the door.
There is an open door here.
An ogre comes into view. It is wielding a +0 giant club.
Found 22 bolts.
There is an open door here.
You barely miss the ogre. The ogre hits you with a +0 giant club.
As you read the scroll of fog, it crumbles to dust.
The scroll dissolves into smoke.
The ogre hits you with a +0 giant club!
As you read the scroll labelled YSUCSE IN TAI, it crumbles to dust.
It is a scroll of enchant armour.
Your +0 robe glows green for a moment.
The ogre barely misses you.
An adder zombie comes into view.
The adder zombie misses you. The adder zombie barely misses you.
Found a dagger.
You see here a dagger.
The ogre misses you.
The ogre hits you with a +0 giant club!!
Ouch! That really hurt!
There is an escape hatch in the ceiling here.
A mysterious force pulls you upwards. The hatch slams shut behind you.
You see here a glowing dagger.
The ogre misses you. The ogre hits you with a +0 giant club!
* * * LOW HITPOINT WARNING * * *
The ogre hits you with a +0 giant club!!
Ouch! That really hurt!
You die...

#...#.#........#.#..........#####
#...#.##########.#...........†...
#...#............#..........#####
#...#............#..........#
#...######'#####+#..........#
#...........................#
#.....................##.#.##
#................O....##.#.#
#...............@........#.#
##########.###############.#
#.................#
###################


You could see an ogre.

Vanquished Creatures
  A howler monkey (D:4)
  A hound (D:4)
  2 orc priests
  An iguana (D:4)
  An orc wizard (D:4)
  4 worker ants
  7 adders
  2 oozes (D:1)
  2 worms
  2 dart slugs
  10 orcs
  7 bats
  4 giant cockroaches (D:1)
  14 goblins
  4 hobgoblins
  13 jackals
  6 kobolds
  3 ball pythons
  A frilled lizard (D:1)
  A leopard gecko skeleton (D:3)
  2 rats
88 creatures vanquished.

Notes
Turn   | Place    | Note
-------+----------+-------------------------------------------
     0 | D:1      | skwiii the Gargoyle Earth Elementalist began the quest for
                  | the Orb.
     0 | D:1      | Reached XP level 1. HP: 10/10 MP: 3/3
   175 | D:1      | Reached XP level 2. HP: 15/15 MP: 1/5
   272 | D:1      | Reached skill level 4 in Earth Magic
   534 | D:1      | Reached XP level 3. HP: 16/19 MP: 2/6
  1400 | D:2      | Learned a level 3 spell: Stone Arrow
  1534 | D:2      | Reached XP level 4. HP: 24/24 MP: 4/8
  2063 | D:2      | Learned a level 4 spell: Petrify
  2622 | D:3      | Reached skill level 1 in Transmutations
  2805 | D:3      | Reached XP level 5. HP: 24/28 MP: 5/9
  2963 | D:3      | Reached skill level 1 in Conjurations
  3061 | D:3      | Reached skill level 5 in Earth Magic
  3066 | D:3      | Learned a level 2 spell: Passwall
  3710 | D:4      | Reached XP level 6. HP: 26/32 MP: 2/11
  4361 | D:4      | Reached XP level 7. HP: 36/36 MP: 5/13
  4523 | D:4      | Found a large runed translucent door.
  4530 | D:4      | Found a large runed translucent door.
  4531 | D:4      | Found a large runed translucent door.
  4533 | D:4      | Found a large runed translucent door.
  4696 | D:3      | Mangled by an ogre

Illustrated notes

Levels and vault maps discovered:
D:1:      wander_arrival_peaceful_grave, layout_loops_ring, st_stairs_6
D:2:      layout_basic, serial_forest, infiniplex_forest_straight_3,
          infiniplex_forest_lined_3_way, infiniplex_forest_lined_2,
          infiniplex_forest_end_double, infiniplex_forest_clump_medium,
          infiniplex_forest_clump_small, infiniplex_forest_end_1,
          infiniplex_forest_lined_1
D:3:      layout_basic
D:4:      layout_basic, minmay_hollow_rounded_squares

Skill      XL: |  1  2  3  4  5  6 |
---------------+-------------------+-----
Earth Magic    | 4 5 |  5.4
Dodging        | 2 |  2.7
Spellcasting   | 3 4 |  4.0
Transmutations | 1 2 |  2.4
Conjurations   | 1 2 |  2.1
Stealth        | |  2.1

Action                   |  1- 3 |  4- 6 |  7- 9 || total
-------------------------+-------+-------+-------++-------
Melee: Unarmed           |     1 |    46 |     1 ||    48
 Cast: Sandblast         |    56 |    60 |       ||   116
       Stone Arrow       |       |    17 |       ||    17
Evoke: Wand              |       |     4 |       ||     4
  Use: Scroll            |     2 |     2 |     2 ||     6
Armor: Robe              |    15 |    15 |       ||    30
Dodge: Dodged            |    21 |    42 |     5 ||    68

Table legend: (Time is in decaauts)
 A = Elapsed time spent in this place.
 B = Non-inter-level travel time spent in this place.
 C = Inter-level travel time spent in this place.
 D = Time resting spent in this place.
 E = Time spent auto-exploring this place.
 F = Levels seen in this place.
 G = Mean time per level.
                   A        B        C        D        E       F      G
               +--------+--------+--------+--------+--------+-----+--------+
         Total |   4695 |   4610 |     85 |   1779 |   1769 |   4 | 1173.8 |
       Dungeon |   4695 |   4610 |     85 |   1779 |   1769 |   4 | 1173.8 |
               +--------+--------+--------+--------+--------+-----+--------+

Top non-repeatable levels by time:
     D:2: 1291 daAuts
     D:1: 1281 daAuts
     D:4: 1154 daAuts
     D:3: 968 daAuts
